 Dungeon Crawl Stone Soup version 0.30-a0-462-gd5975efbca (webtiles) character file.

Game seed: 15368562255003415518

2186131 Sekuso the Evocator (level 27, 258/258 (273) HPs)
             Began as a Formicid Delver on Dec 16, 2022.
             Was the Champion of Ashenzari.
             Escaped with the Orb
             ... and 4 runes!
             The game lasted 03:41:53 (77874 turns).

Sekuso the Evocator (Formicid Delver)              Turns: 77874, Time: 03:41:53

HP:   258/258 (273) AC: 44    Str: 19    XL:     27
MP:   24/24         EV: 17    Int: 12    God:    Ashenzari [******]
Gold: 5510          SH: 32    Dex: 35    Spells: 28/28 levels left

rFire   + + +      SeeInvis +    A - +1 great sword of Ashenzari's Burden {freeze, Range, Self} (curse)
rCold   + + .      Faith    .    g - +1 tower shield of the Cosmic Scepticism {rC+, Self, Elem} (curse)
rNeg    + . .      Spirit   .    O - +6 crystal plate armour "Tethered Sybil" {rElec rF+++ rCorr Dex-4, Melee, Range} (curse)
rPois   +          Reflect  .    (helmet unavailable)
rElec   +          Harm     .    m - scarf "Ruined Flawed Execution" {rC+ rF+, Melee, Self} (curse)
rCorr   +          Rampage  .    r - +2 pair of gloves of Ashenzari's Inaction {hurl, Fort, Self} (curse)
Will    ++...      Clarity  +    B - +1 pair of boots of the Fated Yoke {Cun, Alch} (curse)
Stlth   ..........               V - amulet of Ashenzari's Seeker {Regen+ Dex+4, Self, Fort} (curse)
HPRegen 0.00/turn                l - ring "Urgency of Ashenzari" {rPois rN+ Str-2 Dex+6, Evo, Fort} (curse)
MPRegen 0.19/turn                n - ring of Ashenzari's Loss {Dex+6, Melee, Evo} (curse)

@: inhibited regen, studying 4 skills, drained
A: permanent stasis, dig shafts and tunnels, antennae 3, four strong arms,
robust 1, inhibited regeneration, no potion heal 1, subdued magic 1
0: Orb of Zot
}: 4/15 runes: serpentine, barnacled, slimy, silver
a: Dig, Shaft Self, Renounce Religion, Shatter the Chains


You escaped.
You worshipped Ashenzari.
Ashenzari was exalted by your worship.
You visited 10 branches of the dungeon, and saw 52 of its levels.
You visited the Abyss 1 time.
You also visited: Trove and Ice Cave.

You collected 8942 gold pieces.
You spent 3432 gold pieces at shops.

Inventory:

Hand Weapons
 p - a +5 demon blade of flaming
 A - the cursed +1 great sword of Ashenzari's Burden (weapon) {freeze, Range, Self}
   (You found it in an ice cave)

   It freezes those it strikes, dealing additional cold damage.
   It can also slow down cold-blooded creatures.
   It has a curse which improves the following skills: Ranged Combat: Ranged
   Weapons and Throwing.
   Introspection: Fighting and Spellcasting.
Missiles
 h - 6 throwing nets
 F - 5 silver javelins
 H - 5 silver boomerangs (quivered)
Armour
 e - a +2 pair of boots of stealth
 g - the cursed +1 tower shield of the Cosmic Scepticism (worn) {rC+, Self, Elem}
   (You took it off an orc warlord on level 3 of the Vaults)

   It has a curse which improves the following skills: Introspection: Fighting
   and Spellcasting.
   Elements:  Fire Magic, Ice Magic, Air Magic and Earth Magic.
 m - the cursed scarf "Ruined Flawed Execution" (worn) {rC+ rF+, Melee, Self}
   (You found it on level 5 of the Dungeon)

   It has a curse which improves the following skills: Melee Combat: Short
   Blades, Long Blades, Axes, Maces & Flails, Polearms, Staves and Unarmed
   Combat.
   Introspection: Fighting and Spellcasting.
 r - the cursed +2 pair of gloves of Ashenzari's Inaction (worn) {hurl, Fort, Self}
   (You found it on level 3 of the Elven Halls)

   It has a curse which improves the following skills: Fortitude: Armour and
   Shields.
   Introspection: Fighting and Spellcasting.
 B - the cursed +1 pair of boots of the Fated Yoke (worn) {Cun, Alch}
   (You bought it in a shop on level 2 of the Dungeon)

   It has a curse which improves the following skills: Cunning: Dodging and
   Stealth.
   Alchemy:   Poison Magic and Transmutations.
 O - the cursed +6 crystal plate armour "Tethered Sybil" (worn) {rElec rF+++ rCorr Dex-4, Melee, Range}
   (You found it on level 5 of the Vaults)

   Dex:       It affects your dexterity (-4).
   rF:        It renders you almost immune to fire.
   rElec:     It insulates you from electricity.
   rCorr:     It protects you from acid and corrosion.
   It has a curse which improves the following skills: Melee Combat: Short
   Blades, Long Blades, Axes, Maces & Flails, Polearms, Staves and Unarmed
   Combat.
   Ranged Combat: Ranged Weapons and Throwing.
Jewellery
 i - the ring "Pedoir" {Fly rC+ rN++ Dex+2 Slay-4}
   (You found it on level 5 of the Vaults)

   [ring of flight]

   Dex:       It affects your dexterity (+2).
   Slay:      It affects your accuracy & damage with ranged weapons and melee
   (-4).
   rC:        It protects you from cold.
   rN:        It greatly protects you from negative energy.
   Fly:       It grants you flight.
 l - the cursed ring "Urgency of Ashenzari" (left hand) {rPois rN+ Str-2 Dex+6, Evo, Fort}
   (You found it on level 1 of the Snake Pit)

   [ring of dexterity]

   Str:       It affects your strength (-2).
   Dex:       It affects your dexterity (+6).
   rPois:     It protects you from poison.
   rN:        It protects you from negative energy.
   It has a curse which improves the following skills: Evocations: Evocations.
   Fortitude: Armour and Shields.
 n - the cursed ring of Ashenzari's Loss (right hand) {Dex+6, Melee, Evo}
   (You found it on level 4 of the Dungeon)

   [ring of dexterity]

   Dex:       It affects your dexterity (+6).
   It has a curse which improves the following skills: Melee Combat: Short
   Blades, Long Blades, Axes, Maces & Flails, Polearms, Staves and Unarmed
   Combat.
   Evocations: Evocations.
 T - the ring of the City {Fire Drain rElec Int+5}
   (You found it on level 3 of the Depths)

   [ring of fire]

   It enhances your fire magic.
   Int:       It affects your intelligence (+5).
   rF:        It protects you from fire.
   rC:        It makes you vulnerable to cold.
   rElec:     It insulates you from electricity.
   Drain:     It drains your maximum health when unequipped.
 V - the cursed amulet of Ashenzari's Seeker (around neck) {Regen+ Dex+4, Self, Fort}
   (You took it off a deep elf master archer on level 3 of the Elven Halls)

   [amulet of regeneration]

   Dex:       It affects your dexterity (+4).
   Regen:     It increases your rate of health regeneration.
   It has a curse which improves the following skills: Introspection: Fighting
   and Spellcasting.
   Fortitude: Armour and Shields.
 W - the ring "Yxulleoll" {rCorr Int+6}
   (You found it on level 11 of the Dungeon)

   [ring of intelligence]

   Int:       It affects your intelligence (+6).
   rCorr:     It protects you from acid and corrosion.
 X - a +4 ring of protection
Wands
 b - a wand of paralysis (15)
 f - a wand of digging (10)
 x - a wand of polymorph (25)
 J - a wand of mindburst (13)
 N - a wand of flame (126)
 U - a wand of iceblast (7)
Scrolls
 c - 7 scrolls of fog
 j - 5 scrolls of enchant weapon
 o - 8 scrolls of vulnerability
 u - 3 scrolls of silence
 y - 8 scrolls of fear
 E - 8 scrolls of amnesia
 K - 4 scrolls of butterflies
 M - 9 scrolls of poison
 Q - 4 scrolls of enchant armour
 R - 2 scrolls of brand weapon
 S - 4 scrolls of magic mapping
 Z - 7 scrolls of immolation
Potions
 d - 24 potions of curing
 q - 8 potions of brilliance
 t - 9 potions of lignification
 z - 6 potions of magic
 C - 6 potions of attraction
 I - 3 potions of cancellation
 L - 9 potions of flight
 P - 10 potions of ambrosia
Miscellaneous
 k - a tin of tremorstones (2/2)
 s - a phial of floods
 v - a condenser vane (inert)
 G - a box of beasts
 Y - a lightning rod (4/4)


   Skills:
 - Level 21.9(27) Fighting
 + Level 22.2(26.9) Long Blades
 - Level 17.8(21.5) Throwing
 - Level 24.0(27) Armour
 - Level 12.7(15.3) Dodging
 - Level 11.3(13.9) Stealth
 - Level 24.0(27) Shields
 - Level 24.0(27) Evocations


You had 28 spell levels left.
You didn't know any spells.
Your spell library contained the following spells:

 Spells                   Type           Power      Damage    Failure   Level
 Beastly Appendage        Tmut           2%         N/A       96%         1
 Foxfire                  Conj/Fire      0%         2x1d4     96%         1
 Sandblast                Erth           2%         2d4       96%         1
 Shock                    Conj/Air       0%         1d3       96%         1
 Sting                    Tmut/Pois      4%         1d3       96%         1
 Apportation              Tloc           0%         N/A       97%         1
 Kiss of Death            Conj/Necr      0%         2d5       97%         1
 Necrotise                Necr           0%         1d4       97%         1
 Slow                     Hex            0%         N/A       97%         1
 Cigotuvi's Dreadful Rot  Necr/Pois/Air  0%         N/A       99%         2
 Ensorcelled Hibernation  Hex/Ice        0%         N/A       99%         2
 Passwall                 Tmut/Erth      0%         N/A       99%         2
 Poisonous Vapours        Pois/Air       2%         N/A       99%         2
 Searing Ray              Conj           0%         2d4       99%         2
 Static Discharge         Conj/Air       0%         2-2/arc   99%         2
 Sublimation of Blood     Necr           0%         N/A       99%         2
 Wereblood                Tmut           1%         N/A       99%         2
 Confusing Touch          Hex            0%         N/A       100%        3
 Frozen Ramparts          Ice            2%         1d1       100%        3
 Hailstorm                Conj/Ice       0%         3d3       100%        3
 Ignite Poison            Fire/Tmut/Pois 1%         N/A       100%        3
 Inner Flame              Hex/Fire       0%         N/A       100%        3
 Kindle Blastsparks       Fire/Tloc/Air  0%         2d10      100%        3
 Mephitic Cloud           Conj/Pois/Air  0%         N/A       100%        3
 Ozocubu's Armour         Ice            1%         N/A       100%        3
 Spider Form              Tmut/Pois      1%         N/A       100%        3
 Stone Arrow              Conj/Erth      0%         3d7       100%        3
 Summon Guardian Golem    Hex/Summ       0%         N/A       100%        3
 Vampiric Draining        Necr           0%         2d6       100%        3
 Airstrike                Air            0%         2d(1-17)  100%        4
 Anguish                  Hex/Necr       0%         N/A       100%        4
 Animate Armour           Summ/Erth      0%         N/A       100%        4
 Animate Dead             Necr           0%         N/A       100%        4
 Cause Fear               Hex            0%         N/A       100%        4
 Dispel Undead            Necr           0%         3d6       100%        4
 Flame Wave               Conj/Fire      0%         2d4       100%        4
 Fulminant Prism          Conj/Hex       0%         3d5       100%        4
 Ice Form                 Ice/Tmut       1%         N/A       100%        4
 Iskenderun's Mystic Bla  Conj/Tloc      0%         2d3       100%        4
 Leda's Liquefaction      Hex/Erth       0%         N/A       100%        4
 Manifold Assault         Tloc           0%         N/A       100%        4
 Olgreb's Toxic Radiance  Pois           1%         N/A       100%        4
 Passage of Golubria      Tloc           0%         N/A       100%        4
 Petrify                  Tmut/Erth      1%         N/A       100%        4
 Sticky Flame             Conj/Fire      0%         2d3       100%        4
 Summon Ice Beast         Ice/Summ       0%         N/A       100%        4
 Summon Lightning Spire   Summ/Air       0%         N/A       100%        4
 Agony                    Necr           0%         N/A       100%        5
 Alistair's Intoxication  Tmut/Pois      0%         N/A       100%        5
 Blade Hands              Tmut           0%         N/A       100%        5
 Borgnjor's Vile Clutch   Necr/Erth      0%         N/A       100%        5
 Fireball                 Conj/Fire      0%         3d3       100%        5
 Freezing Cloud           Conj/Ice/Air   0%         6-21      100%        5
 Irradiate                Conj/Tmut      0%         3d11      100%        5
 Iskenderun's Battlesphe  Conj           0%         2d6       100%        5
 Lee's Rapid Deconstruct  Erth           0%         3d4*      100%        5
 Lightning Bolt           Conj/Air       0%         1d11      100%        5
 Metabolic Englaciation   Hex/Ice        0%         N/A       100%        5
 Silence                  Hex/Air        0%         N/A       100%        5
 Summon Forest            Summ/Tloc      0%         N/A       100%        5
 Summon Mana Viper        Hex/Summ       0%         N/A       100%        5
 Yara's Violent Unravell  Hex/Tmut       0%         3d3       100%        5
 Conjure Ball Lightning   Conj/Air       0%         3x3d6     100%        6
 Death Channel            Necr           0%         N/A       100%        6
 Eringya's Noxious Bog    Tmut/Pois      0%         N/A       100%        6
 Iron Shot                Conj/Erth      0%         9d1       100%        6
 Simulacrum               Ice/Necr       0%         N/A       100%        6
 Starburst                Conj/Fire      0%         6d3       100%        6
 Statue Form              Tmut/Erth      0%         N/A       100%        6
 Summon Cactus Giant      Summ           0%         N/A       100%        6
 Dragon Form              Tmut           0%         N/A       100%        7
 Enfeeble                 Hex            0%         N/A       100%        7
 Orb of Destruction       Conj           0%         9d5       100%        7
 Ozocubu's Refrigeration  Ice            0%         4d7       100%        7
 Spellforged Servitor     Conj/Summ      0%         N/A       100%        7
 Storm Form               Tmut/Air       0%         N/A       100%        7
 Summon Hydra             Summ           0%         N/A       100%        7
 Discord                  Hex            0%         N/A       100%        8
 Ignition                 Fire           0%         3d3       100%        8
 Lehudib's Crystal Spear  Conj/Erth      0%         10d2      100%        8
 Necromutation            Tmut/Necr      0%         N/A       100%        8
 Chain Lightning          Conj/Air       0%         N/A       100%        9
 Dragon's Call            Summ           0%         N/A       100%        9
 Fire Storm               Conj/Fire      0%         5d1       100%        9
 Shatter                  Erth           0%         3d5*      100%        9
 Blink                    Tloc           Unusable   N/A       N/A         2
 Swiftness                Air            Unusable   N/A       N/A         3

Dungeon Overview and Level Annotations

Branches:
Dungeon (15/15)            Temple (0/1) D:7            Lair (5/5) D:8
 Shoals (4/4) Lair:2        Snake (4/4) Lair:2        Slime (5/5) Lair:5
    Orc (2/2) D:10            Elf (3/3) Orc:2        Vaults (5/5) D:13
  Crypt (0/3) Vaults:2     Depths (4/4) D:15            Zot (5/5) Depths:4
  IceCv (visited)

Altars:
Ashenzari
Cheibriados
Elyvilon
Fedhas
Gozag
Kikubaaqudgha
Makhleb
Nemelex Xobeh
Okawaru
Qazlal
Ru
Sif Muna
Trog
Uskayaw
Wu Jian
Yredelemnul
Zin
The Shining One
Jiyva

Shops:
D:2 [   D:6 *   D:15 (*?   Orc:2 *(([   Elf:1 ?:   Vaults:3 ?   Vaults:4 =
Zot:5 *   Depths:1 [?

Portals:
Hell: Depths:1 Depths:2 Depths:3 Depths:4
Abyss: Snake:1 Depths:1 Depths:2 Depths:3 Depths:4
Pandemonium: Depths:2
Ziggurat: Depths:3

Annotations:
D:2 exclusion: 2 doors
D:5 exclusion: upstairs
D:6 exclusion: downstairs
D:11 2 runed translucent doors
D:15 2 transporters, Tiucafuv's ghost, journeyman HOFi
Lair:3 exclusion: 2 oklob plants
Lair:5 1 runed translucent door
Shoals:3 1 runed translucent door, Dotran's ghost, journeyman TeSu
Orc:1 3 runed translucent doors, Veirhal's ghost, journeyman DECj
Elf:1 6 runed translucent doors
Elf:2 3 runed translucent doors
Zot:4 exclusion: 2 downstairs


Innate Abilities, Weirdness & Mutations

You cannot be hasted, slowed, berserked, paralysed or teleported.
You can dig through walls and to a lower floor.
You have a pair of large antennae on your head. (SInv)
Your four strong arms can wield two-handed weapons with a shield.
You are robust. (+10% HP)
You do not regenerate when monsters are visible.
Potions are less effective at restoring your health.
Your spells are a little easier to cast, but a little less powerful.


Message History

There is a stone staircase leading up here.
You climb upwards.
There is a stone staircase leading down here.
There is an escape hatch in the ceiling here.
A mysterious force pulls you upwards. The hatch slams shut behind you.
Level annotation: exclusion: downstairs
There is a stone staircase leading up here.
You climb upwards.
Level annotation: exclusion: upstairs
There is a stone staircase leading down here.
There is an escape hatch in the ceiling here.
A mysterious force pulls you upwards. The hatch slams shut behind you.
There is a stone staircase leading up here.
You climb upwards.
There is a stone staircase leading down here.
There is a stone staircase leading up here.
You climb upwards.
Level annotation: exclusion: 2 doors An ice devil comes into view.
There is a stone staircase leading down here.
You slice the ice devil!!
The ice devil is severely wounded.
You barely miss the ice devil.
The ice devil is severely wounded.
You slice the ice devil!!
You kill the ice devil!
There is a stone staircase leading down here.
You see here a +0 leather armour.
You extend your mandibles.
You dig through the rock wall.
You feel drained.
You retract your mandibles.
There is a stone staircase leading up here.
You climb upwards.
There is a stone staircase leading down here.
A rust devil comes into view.
A hellwing comes into view.
The hellwing moves out of view.
There is a large open door here.
There is a staircase leading out of the dungeon here.
You have escaped!

#....##
#4####
##4# #..#
#..#
##''##
##.##.##
#.##...#
#.##.@.##
#.##....##
#.#8####.#
##.......#
#########


You could see a hellwing and a rust devil.

Vanquished Creatures
  Dissolution (Slime:3)
  the Royal Jelly (Slime:5)
  A dread lich (Zot:3)
  4 ancient liches
  8 orbs of fire
  2 juggernauts
  Sojobo (Depths:1)
  2 Killer Klowns (Zot:5)
  Saint Roka (Depths:2)
  Frederick (Vaults:2)
  Xtahua (Vaults:3)
  Vashnia (Snake:3)
  A curse toe (Zot:3)
  A caustic shrike (Depths:2)
  Nikola (Depths:1)
  20 golden dragons
  A bone dragon (Depths:4)
  the Enchantress (Depths:3)
  3 electric golems
  15 tentacled monstrosities
  Jorgrun (Orc:2)
  20 Orb Guardians
  2 liches
  3 walking crystal tomes
  Asterion (Depths:1)
  8 quicksilver dragons
  A walking frostbound tome (Depths:2)
  2 deep elf blademasters (Elf:3)
  6 titans
  2 deep elf master archers (Elf:3)
  A kraken (Shoals:2)
  2 ancient champions (Vaults:2)
  Polyphemus (Shoals:3)
  19 death cobs
  11 sphinxes
  Gastronok (D:8)
  14 acid blobs
  10 tengu reavers
  Frances (D:12)
  12 storm dragons
  10 shadow dragons
  10 draconian knights
  A daeva (Snake:1)
  8 azure jellies
  7 draconian monks
  7 fire giants
  10 frost giants
  5 nagarajas
  6 deep elf sorcerers
  8 iron dragons
  18 vault wardens
  10 draconian scorchers
  7 rockslimes
  A balrug (Depths:1)
  4 ghost moths
  5 draconian shifters
  Aizul (Snake:3)
  A ghoul (Vaults:2)
  9 draconian annihilators
  An orc warlord (Vaults:3)
  22 very ugly things
  5 deep elf elementalists
  3 draconian stormcallers (Zot:3)
  18 ironbound preservers
  13 quicksilver oozes
  A demonspawn blood saint (Zot:4)
  4 spriggan defenders
  19 stone giants
  3 war gargoyles
  4 vampire knights
  10 ironbound thunderhulks
  19 green draconians
  12 deep elf demonologists
  12 dire elephants
  A lorocyproca (Abyss:2)
  14 black draconians
  8 white draconians
  18 purple draconians
  6 deep elf annihilators
  7 spark wasps
  15 yellow draconians
  7 red draconians
  A blizzard demon (Zot:4)
  5 deep elf death magi
  3 crystal guardians (Vaults:4)
  4 merfolk javelineers (Shoals:4)
  14 ettins
  9 fire dragons
  6 merfolk impalers
  4 deep elf high priests
  The ghost of oneeeeegina the Thaumaturge, a journeyman DjNe of Hepliaklqana (Snake:1)
  13 yaktaur captains
  16 great orbs of eyes
  12 hydras
  2 entropy weavers
  11 ice dragons
  4 rakshasas
  7 peacekeepers
  3 salamander tyrants (Snake:4)
  6 spriggan air magi
  29 vault guards
  3 catoblepae
  10 ironbound frosthearts
  9 ogre magi
  10 anacondas
  4 merfolk avatars
  3 alligator snapping turtles (Shoals:4)
  2 death knights (D:14)
  2 satyrs
  26 two-headed ogres
  16 naga warriors
  7 tengu warriors
  24 centaur warriors
  16 dancing weapons
  13 deep troll shamans
  3 boulder beetles
  4 merfolk aquamancers
  11 deep troll earth magi
  6 shock serpents
  A thrashing horror (Snake:1)
  3 death yaks
  2 orc high priests
  20 naga sharpshooters
  17 deep elf knights
  A soul eater (Zot:3)
  A hell knight (Depths:3)
  4 spriggan berserkers
  A skeletal warrior (D:13)
  13 iron trolls
  A sun demon (Depths:1)
  A wretched star (Snake:1)
  3 salamander mystics
  A goliath frog (shapeshifter) (Elf:1)
  A storm dragon skeleton (Zot:3)
  6 sea snakes
  A cherub (Zot:2)
  7 glowing orange brains
  74 deep trolls
  Pikel (D:7)
  17 deep elf archers
  16 ironbound convokers
  8 naga ritualists
  4 flayed ghosts
  A sphinx zombie (Depths:1)
  9 wizards
  8 harpies
  A shadow demon (D:15)
  A swamp dragon (Lair:5)
  3 necromancers
  4 phantasmal warriors
  19 deep elf pyromancers
  A stone giant zombie (Depths:1)
  12 lindwurms
  An orc sorcerer (Orc:2)
  9 mana vipers
  4 orc knights
  27 deep elf zephyrmancers
  A mana viper (shapeshifter) (Vaults:3)
  49 ugly things
  A shining eye (shapeshifter) (Vaults:4)
  A wolf spider (D:15)
  21 fauns
  11 cyclopes
  16 salamanders
  17 manticores
  4 shining eyes
  9 merfolk sirens
  A worldbinder (Snake:1)
  30 moths of wrath
  10 elephants
  Maurice (Orc:2)
  3 ice statues
  3 guardian serpents
  12 naga magi
  6 water nymphs
  46 black mambas
  10 vault sentinels
  13 cane toads
  A smoke demon (Depths:1)
  6 torpor snails
  An eye of devastation (Slime:2)
  An eye of devastation (shapeshifter) (Vaults:5)
  Maggie (D:8)
  2 cane toads (shapeshifter) (D:14)
  A gargoyle (D:12)
  A rime drake (shapeshifter) (Vaults:5)
  A freezing wraith (Vaults:4)
  8 komodo dragons
  8 rime drakes
  An efreet (D:15)
  A kobold demonologist (D:12)
  A yaktaur skeleton (Vaults:1)
  A tormentor (Zot:2)
  3 ice devils
  3 tengu conjurers
  36 yaktaurs
  4 trolls
  2 polar bears
  32 merfolk
  8 wind drakes
  11 hornets
  Grinder (D:6)
  A tarantella (shapeshifter) (Vaults:4)
  4 tyrant leeches (Lair:5)
  80 slime creatures
  9 snapping turtles
  10 blink frogs
  A raiju (shapeshifter) (Vaults:5)
  12 dream sheep
  A jumping spider (shapeshifter) (D:15)
  Sigmund (D:3)
  6 spriggans
  4 air elementals
  Eustachio (D:4)
  A vampire (D:7)
  A culicivora (Vaults:4)
  18 water elementals
  2 wyverns
  4 wraiths
  3 shadows
  A ynoxinul (Depths:1)
  2 fire elementals
  An ettin skeleton (Depths:1)
  33 yaks
  14 golden eyes
  A hog (shapeshifter) (D:15)
  A steam dragon (Lair:5)
  3 basilisks
  2 redbacks (Vaults:4)
  4 vampire mosquitoes (D:13)
  7 wargs
  49 nagas
  A glowing shapeshifter zombie (Vaults:1)
  2 swamp worms (Lair:1)
  3 acid dragons (Lair:5)
  An acid dragon (shapeshifter) (D:13)
  2 hell hounds (Depths:1)
  14 water moccasins
  An ogre skeleton (Vaults:1)
  A floating eye (Depths:3)
  A floating eye (shapeshifter) (Vaults:5)
  2 sky beasts
  A glowing shapeshifter skeleton (Vaults:1)
  2 swamp drakes (Lair:5)
  3 ice beasts
  A black bear (shapeshifter) (Elf:1)
  4 black bears
  23 orc warriors
  2 great orb of eyes simulacra (IceCv)
  11 wolves
  9 boggarts
  32 ogres
  An ogre (shapeshifter) (Vaults:4)
  2 phantoms
  23 centaurs
  A kobold brigand (D:8)
  14 bullfrogs
  3 scorpions
  2 gnoll sergeants
  2 two-headed ogre simulacra (Lair:3)
  3 necrophages
  An earth elemental (Elf:2)
  6 killer bees (D:9)
  2 howler monkeys
  6 electric eels
  5 jellies
  4 hounds (D:6)
  A gnoll bouda (D:7)
  13 orc priests
  7 hell rats
  8 iguanas
  19 orc wizards
  Terence (D:3)
  2 shapeshifter simulacra (IceCv)
  2 spriggan simulacra (Lair:3)
  2 wolf simulacra (Lair:3)
  A mummy (D:4)
  16 gnolls
  9 adders
  11 river rats (Lair:5)
  2 shadow imps
  4 white imps
  An ufetubus (D:5)
  2 worms
  4 dart slugs
  70 orcs
  6 bats
  9 endoplasms
  5 goblins
  11 hobgoblins
  A jackal (D:1)
  17 kobolds
  3 quokkas
  11 ball pythons
  5 frilled lizards
  5 rats
  5 tentacles (Shoals:2)
2279 creatures vanquished.

Vanquished Creatures (collateral kills)
  An Orb Guardian (Zot:5)
  An ettin (Vaults:4)
2 creatures vanquished.

Vanquished Creatures (others)
  Donald (Snake:3)
  A stone giant (Vaults:5)
  A deep elf annihilator (Elf:3)
  An ice dragon (Depths:3)
  A spriggan air mage (Depths:3)
  A wizard (Vaults:4)
  A deep elf pyromancer (Elf:1)
  A deep elf zephyrmancer (Elf:2)
  A manticore (Shoals:3)
  A rime drake (Lair:3)
  An orc priest (Elf:1)
  An orc (Elf:1)
  36 fungi
  209 plants
  6 tentacles (Shoals:2)
  6 toadstools (D:2)
269 creatures vanquished.

Grand Total: 2550 creatures vanquished

Notes
Turn   | Place    | Note
-------+----------+-------------------------------------------
     0 | D:5      | Sekuso the Formicid Delver began the quest for the Orb.
     0 | D:5      | Reached XP level 1. HP: 18/18 MP: 1/1
    12 | D:5      | Found a broken altar of Ashenzari.
    64 | D:5      | Found a shimmering blue altar of Sif Muna.
   183 | D:6      | Reached XP level 2. HP: 24/24 MP: 2/2
   255 | D:5      | Noticed a black bear
   304 | D:4      | Noticed Eustachio
   455 | D:5      | Became a worshipper of Ashenzari the Shackled
   598 | D:4      | Reached XP level 3. HP: 20/25 MP: 3/3
   697 | D:4      | Noticed a phantom
   702 | D:4      | Found an iron altar of Okawaru.
   756 | D:4      | Found an ancient bone altar of Kikubaaqudgha.
   817 | D:4      | Noticed a scorpion
   920 | D:3      | Noticed Terence
   965 | D:3      | Reached XP level 4. HP: 37/37 MP: 4/4
  1939 | D:2      | Reached skill level 5 in Fighting
  1983 | D:2      | Found Muvydgh's Armour Shop.
  1999 | D:2      | Bought a +0 pair of boots for 58 gold pieces
  2125 | D:2      | Reached XP level 5. HP: 41/44 MP: 5/5
  2923 | D:3      | Found a basalt altar of Yredelemnul.
  2942 | D:3      | Reached * piety under Ashenzari
  2944 | D:3      | Reached ** piety under Ashenzari
  3081 | D:3      | Killed Terence
  3082 | D:3      | Reached XP level 6. HP: 46/51 MP: 6/6
  3224 | D:3      | Reached *** piety under Ashenzari
  3421 | D:3      | Found an opulent altar of Gozag.
  3422 | D:3      | Noticed Sigmund
  3450 | D:3      | Killed Sigmund
  3451 | D:3      | Reached skill level 5 in Long Blades
  3735 | D:4      | Found a bloodstained altar of Trog.
  3800 | D:4      | Killed Eustachio
  3801 | D:4      | Reached XP level 7. HP: 54/60 MP: 7/7
  3947 | D:4      | Found a snail-covered altar of Cheibriados.
  4103 | D:4      | Found a burning altar of Makhleb.
  4123 | D:4      | Reached XP level 8. HP: 67/67 MP: 8/8
  4304 | D:5      | Found a blossoming altar of Fedhas.
  4764 | D:5      | Found a white marble altar of Elyvilon.
  4990 | D:6      | Noticed Grinder
  4999 | D:6      | Killed Grinder
  5000 | D:6      | Reached XP level 9. HP: 64/76 MP: 9/9
  5125 | D:6      | Identified the +5 hand axe "Worm" {flame, rElec rPois rC+}
  5173 | D:6      | Reached **** piety under Ashenzari
  5204 | D:6      | Reached skill level 1 in Evocations
  5567 | D:6      | Found Cazah's General Store.
  5721 | D:6      | Reached skill level 10 in Fighting
  6203 | D:7      | Reached XP level 10. HP: 74/90 MP: 10/10
  6554 | D:7      | Noticed Pikel
  6579 | D:7      | Killed Pikel
  6888 | D:7      | Reached skill level 10 in Long Blades
  6925 | D:7      | Reached skill level 5 in Shields
  7155 | D:7      | Found a sparkling altar of Nemelex Xobeh.
  7321 | D:7      | Found a staircase to the Ecumenical Temple.
  7389 | D:8      | Found a staircase to the Lair.
  7402 | D:8      | Reached ***** piety under Ashenzari
  7522 | D:8      | Noticed Maggie
  7534 | D:8      | Killed Maggie
  7610 | D:8      | Reached XP level 11. HP: 97/101 MP: 11/11
  7673 | D:8      | Noticed Gastronok
  7703 | D:8      | Killed Gastronok
  7704 | D:8      | Reached skill level 10 in Shields
  7876 | D:9      | Reached skill level 5 in Evocations
  8244 | D:9      | Found a large runed translucent door.
  8245 | D:9      | Found a large runed translucent door.
  8482 | D:9      | Found a hide-covered altar of Uskayaw.
  8485 | D:9      | Found a stormy altar of Qazlal.
  8510 | D:10     | Entered Level 10 of the Dungeon
  8545 | D:10     | Found an ornate altar of the Wu Jian Council.
  8737 | D:10     | Found a staircase to the Orcish Mines.
  9104 | D:10     | Found a sacrificial altar of Ru.
  9168 | Orc:1    | Entered Level 1 of the Orcish Mines
  9518 | Orc:1    | Reached skill level 1 in Armour
  9608 | Orc:1    | Found a runed translucent gate.
  9608 | Orc:1    | Found a runed translucent gate.
  9608 | Orc:1    | Found a runed translucent gate.
  9803 | Orc:1    | Noticed Veirhal's ghost (journeyman DECj)
 10215 | Orc:2    | Entered Level 2 of the Orcish Mines
 10215 | Orc:2    | Noticed an orc sorcerer
 10218 | Orc:2    | Killed an orc sorcerer
 10297 | Orc:2    | Found a staircase to the Elven Halls.
 10327 | Orc:2    | Noticed Maurice
 10337 | Orc:2    | Killed Maurice
 10338 | Orc:2    | Reached XP level 12. HP: 104/108 MP: 12/12
 10359 | Orc:2    | Noticed an orc high priest
 10424 | Orc:2    | Killed an orc high priest
 10425 | Orc:2    | Reached skill level 5 in Armour
 10607 | Orc:2    | Noticed a two-headed ogre
 10611 | Orc:2    | Noticed Jorgrun
 10618 | Orc:2    | Killed a two-headed ogre
 10621 | Orc:2    | Noticed a two-headed ogre
 10636 | Orc:2    | Killed Jorgrun
 10640 | Orc:2    | Noticed a two-headed ogre
 10650 | Orc:2    | Noticed a two-headed ogre
 10651 | Orc:2    | Noticed an ogre mage
 10657 | Orc:2    | Noticed an ogre mage
 10658 | Orc:2    | Noticed a two-headed ogre
 10660 | Orc:2    | Killed a two-headed ogre
 10670 | Orc:2    | Killed a two-headed ogre
 10671 | Orc:2    | Noticed an ogre mage
 10676 | Orc:2    | Reached skill level 1 in Throwing
 10677 | Orc:2    | Noticed a two-headed ogre
 10683 | Orc:2    | Killed a two-headed ogre
 10688 | Orc:2    | Killed an ogre mage
 10697 | Orc:2    | Killed an ogre mage
 10697 | Orc:2    | Killed a two-headed ogre
 10697 | Orc:2    | Killed an ogre mage
 10698 | Orc:2    | Reached XP level 13. HP: 86/122 MP: 13/13
 10893 | Orc:2    | Found Ufeasu's Antique Armour Boutique.
 10893 | Orc:2    | Found Paitips's Weapon Shoppe.
 10894 | Orc:2    | Found Uhifam's Antique Weapon Shoppe.
 10894 | Orc:2    | Found Luoshy's General Store.
 11007 | Orc:2    | Reached skill level 5 in Throwing
 11160 | Orc:2    | Noticed an ogre mage
 11172 | Orc:2    | Killed an ogre mage
 11803 | Orc:2    | Bought an encrusted battleaxe for 310 gold pieces
 11803 | Orc:2    | Identified the +4 battleaxe of Sonaz {drain, Str+4} (You
                  | bought it in a shop on level 2 of the Orcish Mines)
 11804 | Orc:2    | Bought a condenser vane for 640 gold pieces
 11877 | Lair:1   | Entered Level 1 of the Lair of Beasts
 13051 | Lair:2   | Found a staircase to the Snake Pit.
 13190 | Lair:2   | Reached skill level 10 in Evocations
 13371 | Lair:2   | Noticed a four-headed hydra
 13375 | Lair:2   | Killed a four-headed hydra
 13441 | Lair:2   | Reached XP level 14. HP: 124/130 MP: 14/14
 14140 | Lair:2   | Found a staircase to the Shoals.
 14375 | Lair:3   | Reached ****** piety under Ashenzari
 14714 | Lair:3   | Found a frozen archway.
 14729 | IceCv    | Entered an ice cave
 15659 | IceCv    | Found a viscous altar of Jiyva.
 15659 | IceCv    | Noticed an azure jelly
 15663 | IceCv    | Identified the Catalogue of Hypothermia
 15666 | IceCv    | Identified the amulet "Hofryczaite" {Spirit Str+2 Int+6
                  | Stlth-}
 15677 | IceCv    | Noticed an azure jelly
 16296 | Lair:3   | Found a blossoming altar of Fedhas.
 16708 | Lair:3   | Identified the +5 short sword of the Transparent God
                  | {vorpal, rPois Str+2 SInv}
 17574 | Lair:5   | Entered Level 5 of the Lair of Beasts
 17924 | Lair:5   | Reached XP level 15. HP: 118/118 MP: 15/15
 18079 | Lair:5   | Found a runed translucent door.
 18883 | Lair:5   | Found a viscous altar of Jiyva.
 18883 | Lair:5   | Found a staircase to the Slime Pits.
 19774 | D:11     | Found a large runed translucent door.
 19774 | D:11     | Found a large runed translucent door.
 19819 | D:11     | Identified the ring "Yxulleoll" {rCorr Int+6}
 19844 | D:11     | Found a large runed translucent door.
 19844 | D:11     | Found a large runed translucent door.
 20394 | D:11     | Identified Sif Muna's Verses on Guile and the Ground
 21596 | D:12     | Noticed Frances
 21602 | D:12     | Killed Frances
 21907 | D:13     | Reached XP level 16. HP: 130/145 MP: 17/17
 22263 | D:13     | Reached skill level 15 in Evocations
 22625 | D:13     | Found a gate to the Vaults.
 23401 | D:14     | Found a portal to a secret trove of treasure.
 24128 | D:15     | Entered Level 15 of the Dungeon
 24128 | D:15     | Found Qiyxku's Magic Scroll Shoppe.
 24133 | D:15     | Reached skill level 5 in Dodging
 24134 | D:15     | Found Tigh's General Store.
 24490 | D:15     | Found a transporter.
 24493 | D:15     | Noticed Tiucafuv's ghost (journeyman HOFi)
 24495 | D:15     | Found a transporter.
 25253 | D:15     | Found Bumet Ceu's Weapon Boutique.
 25729 | D:15     | Found a staircase to the Depths.
 26088 | Shoals:1 | Entered Level 1 of the Shoals
 26094 | Shoals:1 | Reached XP level 17. HP: 147/149 MP: 17/17
 26848 | Snake:1  | Entered Level 1 of the Snake Pit
 26864 | Snake:1  | Identified Sif Muna's Codex of Mercurial Spelunking
 27318 | Snake:1  | Reached skill level 10 in Armour
 27403 | Snake:1  | Found a transporter.
 27601 | Snake:1  | Reached skill level 15 in Fighting
 27619 | Snake:1  | Identified Jiucwuc's Reference Book on Hoarfrost and the
                  | Storm
 27800 | Snake:1  | Identified the ring "Ebalyip" {rPois rN+ Str-2 Dex+6}
 27986 | Snake:1  | Found a transporter.
 27987 | Snake:1  | Found a one-way gate to the infinite horrors of the Abyss.
 27987 | Snake:1  | Noticed oneeeeegina's ghost (journeyman DjNe)
 28063 | Snake:1  | Killed oneeeeegina's ghost
 28737 | Snake:2  | Reached skill level 15 in Shields
 29406 | Snake:2  | Identified the +8 trident of Itiobukh {holy, Fragile rElec
                  | rN+++ Str+2}
 29523 | Snake:2  | Reached XP level 18. HP: 156/160 MP: 18/18
 30036 | Snake:3  | Noticed Vashnia
 30054 | Snake:3  | Noticed Donald
 30062 | Snake:3  | Killed Donald
 30069 | Snake:3  | Killed Vashnia
 30362 | Snake:3  | Noticed Aizul
 30370 | Snake:3  | Killed Aizul
 31251 | Snake:4  | Entered Level 4 of the Snake Pit
 33313 | Snake:4  | Reached XP level 19. HP: 132/169 MP: 19/19
 33656 | Snake:4  | Got a serpentine rune of Zot
 35201 | Shoals:2 | Reached skill level 15 in Long Blades
 36085 | Shoals:3 | Noticed Polyphemus
 36779 | Shoals:3 | Killed Polyphemus
 36861 | Shoals:3 | Found a runed translucent door.
 36863 | Shoals:3 | Identified the +7 short sword "Peost" {freeze, Fly Will+++
                  | Int-2 Dex-3}
 36864 | Shoals:3 | Noticed Dotran's ghost (journeyman TeSu)
 37476 | Shoals:4 | Entered Level 4 of the Shoals
 37546 | Shoals:4 | Reached skill level 10 in Throwing
 38245 | Shoals:4 | Got a barnacled rune of Zot
 38632 | Shoals:4 | Reached XP level 20. HP: 100/176 MP: 20/20
 39732 | Vaults:1 | Entered Level 1 of the Vaults
 40798 | Abyss:2  | Cast into level 2 of the Abyss (a wizard)
 40811 | Abyss:2  | Found a viscous altar of Jiyva.
 40905 | Vaults:1 | Escaped the Abyss
 42259 | Vaults:1 | Reached XP level 21. HP: 177/189 MP: 21/21
 42539 | Vaults:2 | Found a staircase to the Crypt.
 43395 | Vaults:2 | Identified the +2 leather armour "Keynel" {Fly rElec rC-
                  | Stlth+}
 43403 | Vaults:2 | Noticed Frederick
 43412 | Vaults:2 | Killed Frederick
 44581 | Vaults:3 | Found Mosegits's Magic Scroll Boutique.
 44596 | Vaults:3 | Bought a scroll of vulnerability for 64 gold pieces
 44596 | Vaults:3 | Bought a scroll of fear for 64 gold pieces
 45594 | Vaults:3 | Noticed Xtahua
 45602 | Vaults:3 | Killed Xtahua
 45603 | Vaults:3 | Reached XP level 22. HP: 192/196 MP: 22/22
 45863 | Vaults:3 | Identified the +1 flail "Kunkin" {flame, MP+9}
 47275 | Vaults:4 | Found Hios's Jewellery Shoppe.
 47440 | Vaults:4 | Identified the +11 dagger of the Shimmering Sybil {freeze,
                  | Will++}
 48452 | Vaults:5 | Entered Level 5 of the Vaults
 48455 | Vaults:5 | Noticed an ancient lich
 48462 | Vaults:5 | Reached XP level 23. HP: 123/204 MP: 23/23
 48462 | Vaults:5 | Killed an ancient lich
 49214 | Elf:1    | Entered Level 1 of the Elven Halls
 49510 | Elf:1    | Found Sagit's Book Shoppe.
 50432 | Elf:1    | Identified the +3 scale mail of Fortification {Str+6
                  | Stlth-}
 50603 | Elf:1    | Found Sacuytam's Magic Scroll Shop.
 50611 | Elf:1    | Bought a scroll of enchant armour for 112 gold pieces
 50611 | Elf:1    | Bought a scroll of fog for 60 gold pieces
 50648 | Elf:1    | Found a runed translucent gate.
 50648 | Elf:1    | Found a runed translucent gate.
 50648 | Elf:1    | Found a runed translucent gate.
 50648 | Elf:1    | Found a runed translucent gate.
 50648 | Elf:1    | Found a runed translucent gate.
 50649 | Elf:1    | Found a runed translucent gate.
 50741 | Elf:2    | Identified the Encyclopedia of Execration
 51882 | Elf:2    | Found a runed translucent gate.
 51883 | Elf:2    | Found a runed translucent gate.
 51884 | Elf:2    | Found a runed translucent gate.
 52448 | Elf:3    | Entered Level 3 of the Elven Halls
 53633 | Elf:3    | Identified the +10 quarterstaff of the Pure Underlurkers
                  | {flame, rF+}
 53640 | Elf:3    | Identified the +4 dire flail of Qazlal, Screaming {freeze,
                  | rC+++ MP+9 Str-5 Int+3}
 53645 | Elf:3    | Identified the amulet "Xamemueq" {Regen+ Dex+4}
 53648 | Elf:3    | Reached XP level 24. HP: 150/219 MP: 23/23
 54039 | Elf:3    | Reached skill level 10 in Stealth
 54076 | Elf:3    | Identified the +1 crystal plate armour "Akauppow" {Rampage
                  | Int+2}
 54291 | Elf:3    | Identified the +0 chain mail "Nipuop" {rElec Slay+3}
 54362 | Elf:3    | Identified the +7 hand axe of Perversion {speed, Str+7}
 54385 | Elf:3    | Identified the +1 ring mail of Howling Wind {rPois Will+
                  | Regen+ Dex-4 Stlth+}
 54393 | Elf:3    | Identified the +8 sling of Sapsofal {speed, Str+3}
 54434 | Elf:3    | Identified the Incunable of Frostbite and Blows and Bruises
 55185 | Depths:1 | Entered Level 1 of the Depths
 55203 | Depths:1 | Found Ofimm's Armour Shop.
 55210 | Depths:1 | Bought +2 shadow dragon scales for 1380 gold pieces
 55326 | D:14     | You paid a toll of +3 shadow dragon scales to enter a
                  | treasure trove
 55327 | Trove    | Entered a treasure trove
 55367 | Trove    | Identified Yzoulat's Treatise on the Ghoulish Figure
 55369 | Trove    | Identified Buired's Catalogue of Shapes
 55605 | Depths:1 | Noticed Asterion
 55615 | Depths:1 | Killed Asterion
 55635 | Depths:1 | Found Cedaor's Magic Scroll Emporium.
 55649 | Depths:1 | Bought a scroll of fear for 56 gold pieces
 55649 | Depths:1 | Bought 2 scrolls of fear for 112 gold pieces
 55741 | Depths:1 | Found a gateway to Hell.
 55814 | Depths:1 | Noticed Sojobo
 56399 | Depths:1 | Killed Sojobo
 56764 | Depths:1 | Noticed Nikola
 56772 | Depths:1 | Killed Nikola
 56794 | Depths:1 | Found a sacrificial altar of Ru.
 56826 | Depths:1 | Reached skill level 15 in Armour
 57243 | Depths:1 | Found a glowing golden altar of the Shining One.
 57244 | Depths:1 | Found a glowing silver altar of Zin.
 57244 | Depths:1 | Found a white marble altar of Elyvilon.
 57480 | Depths:2 | Noticed Saint Roka
 57519 | Depths:2 | Killed Saint Roka
 57607 | Depths:2 | Identified the +2 pair of gloves of Eternal Night {rN+
                  | Str+4}
 57701 | Depths:1 | Identified the +7 quarterstaff "Aloedy" {freeze, *Corrode
                  | Str+4 Int+5}
 57849 | Depths:2 | Found a white marble altar of Elyvilon.
 57880 | Depths:2 | Reached XP level 25. HP: 209/232 MP: 24/24
 58755 | Depths:2 | Noticed a juggernaut
 58766 | Depths:2 | Killed a juggernaut
 58937 | Depths:2 | Found a one-way gate leading to the halls of Pandemonium.
 59256 | Depths:2 | Noticed a caustic shrike
 59261 | Depths:2 | Killed a caustic shrike
 59275 | Depths:2 | Identified the +9 great sword of Theory {venom, rC+}
 59475 | Depths:3 | Identified the ring of the City {Fire Drain rElec Int+5}
 59619 | Depths:3 | Noticed the Enchantress
 59624 | Depths:3 | Reached skill level 10 in Dodging
 59629 | Depths:3 | Killed the Enchantress
 59762 | Depths:3 | Identified the +8 chain mail of Gravity {rN+}
 59902 | Depths:3 | Noticed a juggernaut
 59921 | Depths:3 | Killed a juggernaut
 60404 | Depths:3 | Found a one-way gateway to a ziggurat.
 61189 | Depths:4 | Entered Level 4 of the Depths
 61214 | Depths:4 | Reached XP level 26. HP: 216/242 MP: 24/24
 61293 | Depths:4 | Reached skill level 15 in Throwing
 62575 | Depths:4 | Found a gate to the Realm of Zot.
 63612 | Slime:1  | Entered Level 1 of the Pits of Slime
 63645 | Slime:2  | Gained mutation: Your body sometimes deteriorates upon
                  | taking damage. [a shining eye]
 64015 | Slime:3  | Noticed Dissolution
 64022 | Slime:3  | Killed Dissolution
 64136 | Slime:5  | Entered Level 5 of the Pits of Slime
 64603 | Slime:5  | Noticed the Royal Jelly
 64617 | Slime:5  | Killed the Royal Jelly
 64926 | Slime:5  | Gained mutation: You are frail. (-10% HP) [a shining eye]
 65014 | Slime:5  | Identified the +9 dagger "Impslayer" {venom, Dex+3}
 65014 | Slime:5  | Found the dreamshard necklace {*Dream Drain}
 65014 | Slime:5  | Identified the +4 leather armour "Kyhaw" {Int-5 Dex+5
                  | Stlth+}
 65034 | Slime:5  | Identified the +4 broad axe "Osaok" {vorpal, Int+6}
 65050 | Slime:5  | Found the +7 mace of Variability {chain chaos}
 65083 | Slime:5  | Got a slimy rune of Zot
 65086 | Slime:5  | Identified the Atlas of Numb Glamour
 65086 | Slime:5  | Identified the +5 broad axe of Arbitration {speed, Fly
                  | rPois Dex+4 Stlth-}
 65088 | Slime:5  | Identified the +1 leather armour "Muroirphuu" {Str+3}
 66110 | Vaults:4 | HP: 7/217 [titan/the air (13)]
 66116 | Vaults:4 | HP: 5/217 [titan/the air (6)]
 66595 | Vaults:4 | Reached XP level 27. HP: 194/219 MP: 24/24
 66785 | Vaults:5 | Noticed an ancient lich
 67085 | Vaults:5 | Identified the ring "Hacod" {Fire rElec rPois}
 67353 | Vaults:4 | Killed an ancient lich
 67703 | Vaults:4 | Lost mutation: Your body sometimes deteriorates upon taking
                  | damage. [potion of mutation]
 67703 | Vaults:4 | Lost mutation: You are frail. (-10% HP) [potion of
                  | mutation]
 67703 | Vaults:4 | Gained mutation: You are agile. (Dex +4, Str/Int -1)
                  | [potion of mutation]
 68195 | Vaults:5 | Identified the +2 sling of Icingugoah {vorpal, rN+ Str-3
                  | Int+4}
 68286 | Vaults:5 | Identified the +1 morningstar of Ragnarok {vorpal, rC+
                  | Str+4 Int+4}
 68572 | Vaults:5 | Got a silver rune of Zot
 68626 | Vaults:5 | Identified the ring "Pedoir" {Fly rC+ rN++ Dex+2 Slay-4}
 68701 | Vaults:5 | Identified the +6 crystal plate armour of the Iron City of
                  | Dis {rElec rF+++ rCorr Dex-4}
 69961 | Zot:1    | Entered Level 1 of the Realm of Zot
 70414 | Zot:1    | Identified the +1 falchion "Konkaiq" {vorpal, rC+ Str+3
                  | SInv}
 71599 | Zot:2    | Noticed an orb of fire
 71603 | Zot:2    | Lost mutation: You are agile. (Dex +4, Str/Int -1) [an orb
                  | of fire]
 71612 | Zot:2    | Gained mutation: You occasionally shout uncontrollably at
                  | your foes. [an orb of fire]
 71614 | Zot:2    | Killed an orb of fire
 72188 | Zot:2    | Noticed an orb of fire
 72191 | Zot:2    | Gained mutation: You are clumsy. (Dex -2) [an orb of fire]
 72197 | Zot:2    | Gained mutation: You frequently scream uncontrollably at
                  | your foes. [an orb of fire]
 72200 | Zot:2    | Killed an orb of fire
 72896 | Zot:3    | Noticed a dread lich
 72970 | Zot:3    | Noticed an orb of fire
 72974 | Zot:3    | Gained mutation: You are frail. (-10% HP) [an orb of fire]
 72979 | Zot:3    | Killed an orb of fire
 72982 | Zot:3    | Lost mutation: You are clumsy. (Dex -2) [potion of
                  | mutation]
 72982 | Zot:3    | Lost mutation: You frequently scream uncontrollably at your
                  | foes. [potion of mutation]
 72982 | Zot:3    | Gained mutation: You are covered in fur. (AC +1) [potion of
                  | mutation]
 72982 | Zot:3    | Gained mutation: You have large cloven feet. [potion of
                  | mutation]
 72983 | Zot:3    | Lost mutation: You are frail. (-10% HP) [potion of
                  | mutation]
 72983 | Zot:3    | Lost mutation: You occasionally shout uncontrollably at
                  | your foes. [potion of mutation]
 72983 | Zot:3    | Gained mutation: You are vulnerable to heat. (rF-) [potion
                  | of mutation]
 72983 | Zot:3    | Gained mutation: Your body sometimes deteriorates upon
                  | taking damage. [potion of mutation]
 72983 | Zot:3    | Gained mutation: Your magical capacity is low. (-10% MP)
                  | [potion of mutation]
 72984 | Zot:3    | Lost mutation: You are covered in fur. (AC +1) [potion of
                  | mutation]
 72984 | Zot:3    | Lost mutation: You are vulnerable to heat. (rF-) [potion of
                  | mutation]
 72984 | Zot:3    | Lost mutation: Your body sometimes deteriorates upon taking
                  | damage. [potion of mutation]
 72984 | Zot:3    | Gained mutation: Your muscles are strong. (Str +4, Int/Dex
                  | -1) [potion of mutation]
 72984 | Zot:3    | Gained mutation: Your spells are a little easier to cast,
                  | but a little less powerful. [potion of mutation]
 72984 | Zot:3    | Gained mutation: Your system is resistant to poisons.
                  | (rPois) [potion of mutation]
 73013 | Zot:3    | Noticed an orb of fire
 73796 | Zot:3    | Killed a dread lich
 74985 | Zot:5    | Entered Level 5 of the Realm of Zot
 75061 | Zot:5    | Found Suytho's Changing Room.
 75071 | Zot:5    | Bought 2 potions of mutation for 384 gold pieces
 75071 | Zot:5    | Bought a potion of mutation for 192 gold pieces
 75678 | Zot:5    | Noticed an orb of fire
 75682 | Zot:5    | Noticed an orb of fire
 75685 | Zot:5    | Noticed an orb of fire
 75693 | Zot:5    | Gained mutation: You are dopey. (Int -2) [an orb of fire]
 75694 | Zot:5    | Noticed an ancient lich
 75695 | Zot:5    | Noticed an orb of fire
 75697 | Zot:5    | Noticed an ancient lich
 75699 | Zot:5    | Killed an orb of fire
 75699 | Zot:5    | Noticed an orb of fire
 75701 | Zot:5    | Killed an orb of fire
 75701 | Zot:5    | Noticed a Killer Klown
 75702 | Zot:5    | Killed an orb of fire
 75709 | Zot:5    | Lost mutation: Your muscles are strong. (Str +4, Int/Dex
                  | -1) [an orb of fire]
 75710 | Zot:5    | Gained mutation: You are weak. (Str -2) [an orb of fire]
 76045 | Zot:5    | Killed an ancient lich
 76207 | Zot:5    | Gained mutation: You occasionally lose the ability to read
                  | scrolls when taking damage. [an orb of fire]
 76218 | Zot:5    | Gained mutation: You are very weak. (Str -4) [an orb of
                  | fire]
 76219 | Zot:5    | Killed an orb of fire
 76223 | Zot:5    | Lost mutation: Your system is resistant to poisons. (rPois)
                  | [potion of mutation]
 76223 | Zot:5    | Lost mutation: You are dopey. (Int -2) [potion of mutation]
 76223 | Zot:5    | Gained mutation: Your system is resistant to poisons.
                  | (rPois) [potion of mutation]
 76223 | Zot:5    | Gained mutation: You are strong-willed. (Will+) [potion of
                  | mutation]
 76224 | Zot:5    | Lost mutation: Your system is resistant to poisons. (rPois)
                  | [potion of mutation]
 76224 | Zot:5    | Lost mutation: You have large cloven feet. [potion of
                  | mutation]
 76224 | Zot:5    | Gained mutation: You occasionally shout uncontrollably at
                  | your foes. [potion of mutation]
 76224 | Zot:5    | Gained mutation: You are resistant to electric shocks.
                  | (rElec) [potion of mutation]
 76225 | Zot:5    | Lost mutation: You are resistant to electric shocks.
                  | (rElec) [potion of mutation]
 76225 | Zot:5    | Lost mutation: You occasionally lose the ability to read
                  | scrolls when taking damage. [potion of mutation]
 76225 | Zot:5    | Gained mutation: Potions are less effective at restoring
                  | your health. [potion of mutation]
 76225 | Zot:5    | Gained mutation: Your system is resistant to poisons.
                  | (rPois) [potion of mutation]
 76226 | Zot:5    | Lost mutation: You are strong-willed. (Will+) [potion of
                  | mutation]
 76226 | Zot:5    | Lost mutation: Your magical capacity is low. (-10% MP)
                  | [potion of mutation]
 76226 | Zot:5    | Lost mutation: Your system is resistant to poisons. (rPois)
                  | [potion of mutation]
 76226 | Zot:5    | Gained mutation: You frequently scream uncontrollably at
                  | your foes. [potion of mutation]
 76227 | Zot:5    | Lost mutation: You are very weak. (Str -4) [potion of
                  | mutation]
 76227 | Zot:5    | Lost mutation: You frequently scream uncontrollably at your
                  | foes. [potion of mutation]
 76227 | Zot:5    | Gained mutation: You do not regenerate when monsters are
                  | visible. [potion of mutation]
 76227 | Zot:5    | Gained mutation: Your skin changes colour to match your
                  | surroundings (Stealth+). [potion of mutation]
 76227 | Zot:5    | Gained mutation: You are robust. (+10% HP) [potion of
                  | mutation]
 76228 | Zot:5    | Lost mutation: You are weak. (Str -2) [potion of mutation]
 76228 | Zot:5    | Lost mutation: You occasionally shout uncontrollably at
                  | your foes. [potion of mutation]
 76228 | Zot:5    | Lost mutation: Your skin changes colour to match your
                  | surroundings (Stealth+). [potion of mutation]
 76315 | Zot:5    | Killed an orb of fire
 76334 | Zot:5    | Noticed a Killer Klown
 76345 | Zot:5    | Killed a Killer Klown
 76358 | Zot:5    | Killed an ancient lich
 76444 | Zot:5    | Found Suytho's Changing Room.
 76816 | Zot:5    | Killed a Killer Klown
 77066 | Zot:5    | Got the Orb of Zot
 77874 | D:$      | Escaped with the Orb!

Illustrated notes

Levels and vault maps discovered:
D:1:      saegor_arrival_simple_e, layout_basic,
          corexii_item_surrounded_by_moat, kennysheep_small_spiral,
          minmay_tall_x
D:2:      cheibrodos_fertilizer, layout_loops_cross, serial_shops,
          nicolae_lakefront_shop, nrook_mini_vaults, nicolae_underground_beach
D:3:      layout_basic, mainiacjoe_overflow_brackets,
          mainiacjoe_overflow_cross_hatched, grunt_ministairs_2,
          kennysheep_generic_room_7, uniq_terence, uniq_sigmund
D:4:      layout_cave_pools, lemuel_doored_altar, slow_altar_1,
          lemuel_crystal_altar, mainiacjoe_overflow_chevrons, serial_rivers,
          chequers_serial_rivers_small_3, chequers_serial_rivers_small_a,
          chequers_serial_rivers_micro_e, chequers_serial_rivers_micro_b,
          chequers_serial_rivers_micro_e, chequers_serial_rivers_small_b,
          minmay_ruined_shrine, uniq_eustachio
D:5:      layout_basic, ashenzari_conservatory_becter, kennysheep_mini_moat,
          lemuel_blue_sif_altar, lemuel_round_altar
D:6:      layout_cave_pods, serial_shops, kennysheep_little_box,
          minmay_joined_circles, uniq_grinder
D:7:      minmay_chambers_of_sevens, layout_gridville,
          nemelex_dance_club_becter, minmay_temple_entry_fiery, st_stairs_10,
          uniq_pikel
D:8:      layout_rooms, lair_entry_dummy, blue_anna_alchemist, uniq_maggie,
          uniq_gastronok
D:9:      layout_roguey, jmf_multi_god_temple2
D:10:     layout_roguey, mainiacjoe_overflow_small_starburst,
          lemuel_coloured_pillars_altar
D:11:     layout_layer_cave, minmay_hollow_rounded_squares
D:12:     layout_roguey, uniq_frances
D:13:     layout_rooms, skrybe_vaults_entry_preservation, chequers_big_river,
          minivault_16
D:14:     layout_loops_corners, chequers_mini_garden,
          nicolae_trove_entry_crystal
D:15:     grunt_enter_depths_hoard, layout_long_grid, serial_shops, shop,
          nicolae_shop_statue_plus, shop, grunt_decor_clamped,
          gammafunk_ghost_arena, amcnicky_mini_pool_medium
Lair:1:   layout_cave_pods, worms_lemuel
Lair:2:   layout_cave_pods, elwin_shoals_entry_rocks, dummy_snake_entry,
          nzn_random_ring
Lair:3:   dreamdust_isle_of_ice, layout_hall_layers,
          nicolae_volcano_entry_lava_flow, portal_ice_cave_rime,
          hangedman_tree_tricks
Lair:4:   layout_cellular_growth
Lair:5:   guppyfry_lair_end_dragon, layout_gridlike, wormcave,
          dpeg_slime_entry_enclosed, kennysheep_rathole, lemuel_fruit_tree
Shoals:1: layout_shoals
Shoals:2: layout_shoals
Shoals:3: layout_shoals, ebering_ghost_inner_flame, uniq_polyphemus
Shoals:4: shoals_end_grunt_garden, layout_shoals, nzn_prometheus_bound
Snake:1:  layout_onion, gammafunk_ghost_abyssal_escape
Snake:2:  layout_onion_interference, grunt_megastairs_4
Snake:3:  layout_grid_maze, uniq_donald, uniq_vashnia, uniq_aizul
Snake:4:  minmay_snake_end_coiled, layout_cave_town
Slime:1:  nicolae_slime_jelly_donut, layout_caves
Slime:2:  cheibrodos_slime_lost_civilization_10, layout_caves
Slime:3:  layout_caves, nicolae_slime_barrier, dissolution_awaits,
          uniq_dissolution
Slime:4:  layout_caves, amcnicky_altar_lugonu_corruption
Slime:5
Orc:1:    layout_caves, gammafunk_ghost_necromancy
Orc:2:    st_orc_ogre_mass, layout_caves, nicolae_orc_lost_temple, uniq_jorgrun,
          uniq_maurice
Elf:1:    eino_elf_arrival_shootout, layout_rooms, serial_shops, shop, shop,
          orc_legates, grunt_megastairs_5
Elf:2:    elven_hall_of_blades_hangedman_original
          [nicolae_blade_entry_area_security], layout_rooms, drop_trap,
          nicolae_elf_variegated_diamond, uniq_agnes
Elf:3:    grunt_elf_hall_diamonds, layout_geoelf_castle, fountainhead
Vaults:1: nicolae_vaults_octagons, vaults_mumra_hex,
          nicolae_vaults_disjoint_gnomons,
          nicolae_vaults_windows_and_doors_thing, vaults_mumra_chevron_long,
          hangedman_vaults_cutoff, vaults_room_hallway,
          nicolae_vaults_hallways_thing, vaults_dpeg_spiral, v_misc_18,
          nicolae_vaults_little_squares_6, nicolae_vaults_little_ls,
          layout_vaults_maze
Vaults:2: hangedman_vaults_trim, nicolae_vaults_theta, ontoclasm_vaults_tryst,
          grunt_vaults_swirl, nicolae_vaults_what_the_h,
          minmay_crypt_entry_simple_plaza, hangedman_vaults_river_flow,
          v_misc_31, vaults_room_pools, v_misc_30, vaults_room_stairs_pillars,
          v_misc_17, layout_vaults_big_cross, uniq_frederick
Vaults:3: nicolae_vaults_network_star, hangedman_vaults_variations, v_misc_11,
          ontoclasm_vaults_idyll, nicolae_vaults_little_squares_6,
          vaults_mumra_minichess, vaults_room_large_hall, st_squares,
          nicolae_vaults_circle_grid_a, vaults_dpeg_hooks,
          hangedman_vaults_maws, ontoclasm_vaults_fault, hangedman_vaults_nails,
          vaults_room_door_ring, layout_vaults_big_room, serial_shops,
          shop_fountains, uniq_xtahua
Vaults:4: v_alt_pattern_2, v_misc_25, v_misc_22, nicolae_vaults_quartermaster,
          v_misc_12, nicolae_vaults_little_squares_3, vaults_room_pool,
          v_rooms_5, v_misc_30, nicolae_vaults_alarming, ontoclasm_vaults_chip,
          layout_vaults_ring, serial_shops, nicolae_diamond_shop
Vaults:5: serial_shops
Depths:1: layout_gridlike, lightli_too_deep, good_gods_temple_1, serial_shops,
          shop, nicolae_shop_advertising_works [nicolae_subvault_shop_adworks],
          abyss_entry, special_room [special_room_mythical_zoo],
          nicolae_ru_great_annihilating_truth, firewood_loft,
          grunt_megastairs_3, uniq_nikola, uniq_asterion, uniq_sojobo
Depths:2: kennysheep_large_spiral, layout_cave_shapes,
          nicolae_elyvilon_temple_path, pan_entry, abyss_entry,
          hangedman_coc_ice_floe, uniq_saint_roka
Depths:3: nzn_winding_woodlands_large [nzn_winding_woodlands_5x5_checkerboard,
          nzn_winding_woodlands_5x15_parted,
          nzn_winding_woodlands_5x5_closed_star,
          nzn_winding_woodlands_center_triple_pond,
          nzn_winding_woodlands_15x15_killbox,
          nzn_winding_woodlands_center_pierced_h,
          nzn_winding_woodlands_5x5_default,
          nzn_winding_woodlands_5x15_split_checker,
          nzn_winding_woodlands_hourglass], layout_cave_shapes,
          enter_ziggurat_d, abyss_entry_crystal, infiniplex_staircase_zigzag_4,
          hell_entry, uniq_enchantress
Depths:4: evilmike_zot_entry_basic, layout_basic, abyss_entry, hell_entry,
          hangedman_corner_corridor
Zot:1:    kennysheep_ambush_hall, layout_basic, st_large_dragon_hoard_2
Zot:2:    grunt_deathspiral_small, layout_concentric_octagons
Zot:3:    hangedman_snap_crack_crunch, layout_cathedral_of_symmetry,
          lemuel_lake_of_fire
Zot:4:    layout_onion_interference
Zot:5:    layout_cathedral_of_symmetry, grunt_ministairs_13,
          nicolae_transmutations_shop

Skill      XL: |  1  2  3  4  5  6  7  8  9 10 11 12 13 14 15 16 17 18 19 20 21 22 23 24 25 26 27 |
---------------+----------------------------------------------------------------------------------+-----
Dodging        | 2 3 4 6 7 12 | 12.7
Fighting       | 4 5 7 10 11 12 13 14 16 18 21 | 21.9
Long Blades    | 3 4 6 7 8 10 12 14 15 18 22 | 22.2
Evocations     | 2 6 8 10 12 14 16 17 18 19 21 24 | 24.0
Shields        | 8 10 11 12 15 16 21 23 24 | 24.0
Armour         | 3 7 9 10 11 16 24 | 24.0
Throwing       | 3 7 11 12 14 17 | 17.8
Stealth        | 8 11 | 11.3

Action                   |  1- 3 |  4- 6 |  7- 9 | 10-12 | 13-15 | 16-18 | 19-21 | 22-24 | 25-27 || total
-------------------------+-------+-------+-------+-------+-------+-------+-------+-------+-------++-------
Melee: Falchion          |    48 |   147 |   177 |   449 |   442 |       |       |       |       ||  1263
       Punch             |       |     2 |     1 |       |       |       |       |       |       ||     3
       Dagger            |       |    77 |       |       |       |       |       |       |       ||    77
       Great sword       |       |       |       |       |   591 |   963 |  1106 |   842 |  2146 ||  5648
Throw: Dart              |       |    21 |     2 |       |       |       |       |       |       ||    23
       Boomerang         |       |     2 |       |       |       |     4 |       |       |    48 ||    54
       Javelin           |       |     3 |    11 |     4 |    23 |     9 |     6 |    12 |    61 ||   129
       Throwing net      |       |       |       |       |       |       |       |       |     2 ||     2
Invok: Curse Item        |     1 |     4 |     1 |     3 |     3 |       |     3 |     2 |     2 ||    19
       Shatter the Chain |       |       |       |     1 |     2 |     2 |     1 |     3 |     1 ||    10
 Abil: Dig               |     4 |     1 |     2 |     7 |    17 |    21 |     2 |     9 |    15 ||    78
Evoke: Wand              |     2 |       |       |    10 |     3 |     4 |    20 |    17 |    10 ||    66
       Condenser vane    |       |       |       |       |     2 |     5 |    11 |    16 |    28 ||    62
       Lightning rod     |       |       |       |       |       |    14 |    20 |    22 |     4 ||    60
       Tin of tremorston |       |       |       |       |       |       |    10 |    20 |    29 ||    59
       Phial of floods   |       |       |       |       |       |       |       |     4 |    12 ||    16
       Box of beasts     |       |       |       |       |       |       |       |       |     2 ||     2
  Use: Scroll            |     3 |     9 |       |       |     2 |     3 |     6 |     8 |     3 ||    34
       Potion            |       |     1 |       |     3 |     2 |     4 |     9 |     9 |    12 ||    40
 Stab: Sleeping          |     2 |     5 |       |     2 |    15 |    20 |     9 |     8 |       ||    61
       Invisible         |       |       |       |    12 |       |     1 |     2 |     1 |       ||    16
       Distracted        |       |       |       |     2 |     4 |     5 |     3 |     4 |     1 ||    19
       Paralysed         |       |       |       |     2 |     2 |       |     4 |     9 |     8 ||    25
       Petrified         |       |       |       |       |     1 |       |       |       |       ||     1
Armor: Leather armour    |    16 |     2 |       |       |       |       |       |       |       ||    18
       Chain mail        |       |    77 |    73 |    63 |       |       |       |       |       ||   213
       Ring mail         |       |    19 |       |       |       |       |       |       |       ||    19
       Fire dragon scale |       |       |       |    25 |   178 |   151 |   171 |    66 |       ||   591
       Crystal plate arm |       |       |       |       |       |       |       |    71 |   688 ||   759
Dodge: Dodged            |    48 |   127 |    57 |   103 |   319 |   350 |   366 |   168 |   551 ||  2089
Block: Kite shield       |       |       |    24 |   221 |   600 |   943 |   802 |       |       ||  2590
       Reflection        |       |       |       |       |       |   120 |   155 |    80 |    19 ||   374
       Tower shield      |       |       |       |       |       |       |   418 |   910 |  2420 ||  3748

Table legend: (Time is in decaauts)
 A = Elapsed time spent in this place.
 B = Non-inter-level travel time spent in this place.
 C = Inter-level travel time spent in this place.
 D = Time resting spent in this place.
 E = Time spent auto-exploring this place.
 F = Levels seen in this place.
 G = Mean time per level.
                   A        B        C        D        E       F      G
               +--------+--------+--------+--------+--------+-----+--------+
         Total |  76556 |  70348 |   6208 |  12308 |  38306 |  55 | 1391.9 |
       Dungeon |  17337 |  15126 |   2211 |    553 |  10108 |  15 | 1155.8 |
          Lair |   7556 |   6541 |   1015 |    470 |   4597 |   5 | 1511.2 |
        Shoals |   6334 |   6159 |    175 |   1123 |   3462 |   4 | 1583.5 |
     Snake Pit |   7069 |   6721 |    348 |    984 |   3909 |   4 | 1767.2 |
    Slime Pits |   2137 |   2018 |    119 |    775 |    468 |   5 |  427.4 |
  Orcish Mines |   2623 |   2358 |    265 |    155 |   1498 |   2 | 1311.5 |
   Elven Halls |   5400 |   5089 |    311 |   1685 |   1876 |   3 | 1800.0 |
        Vaults |  12478 |  11431 |   1047 |   3334 |   5660 |   5 | 2495.6 |
        Depths |   7354 |   6869 |    485 |   1163 |   3861 |   4 | 1838.5 |
           Zot |   7106 |   6878 |    228 |   1498 |   2776 |   5 | 1421.2 |
         Abyss |    105 |    105 |      0 |      0 |      0 |   1 |  105.0 |
         Trove |     67 |     67 |      0 |      0 |      0 |   1 |   67.0 |
      Ice Cave |    984 |    984 |      0 |    568 |     89 |   1 |  984.0 |
               +--------+--------+--------+--------+--------+-----+--------+

Top non-repeatable levels by time:
Vaults:4: 4599 daAuts
 Snake:4: 2666 daAuts
Vaults:2: 2317 daAuts
Vaults:3: 2256 daAuts
   Elf:1: 2233 daAuts
Vaults:1: 2190 daAuts
  Lair:5: 2075 daAuts
Depths:2: 2074 daAuts
Depths:1: 2071 daAuts
Depths:3: 1948 daAuts
    D:13: 1936 daAuts
    D:15: 1866 daAuts
   Elf:3: 1838 daAuts
Shoals:3: 1803 daAuts
   Zot:5: 1800 daAuts
